Map: Moonlight Madness LE (Void)

Players

lawnWorm - Winner!

  • Race: Protoss Protoss
  • League: Grandmaster

CaptRaynor

  • Race: Zerg Zerg
  • League: Grandmaster

VOD

Have the link to the VOD?

Description

Time

  • Played on: July 17, 2015, 12:30 a.m.
  • Length: 20:05
Show
View Real Time Build Order
Export as new Build Order

lawnWorm Protoss - Winner!

Build Orders:  

Get SALT Encoding   

  13  0:21  Probe  
  13  0:33  Probe  
  14  0:39  Pylon  
  14  0:57  Probe  
  15  1:09  Probe (Chrono Boost)  
  16  1:21  Probe (Chrono Boost), Gateway  
  16  1:23  Gateway  
  16  1:24  Pylon  
  17  1:26  Forge  
  17  1:28  Probe  
  18  1:35  Assimilator  
  18  1:40  Probe (Chrono Boost)  
  19  1:53  Probe (Chrono Boost)  
  20  2:17  Probe (Chrono Boost)  
  21  2:32  Photon Cannon  
  21  2:34  Pylon  
  22  2:37  Probe (Chrono Boost)  
  22  2:47  Probe (Chrono Boost)  
  23  2:59  Gateway  
  23  3:04  Photon Cannon  
  23  3:07  Probe (Chrono Boost)  
  24  3:24  Cybernetics Core  
  24  3:27  Pylon  
  24  3:38  Probe (Chrono Boost)  
  24  3:41  Nexus  
  25  3:43  Assimilator  
  25  3:47  Pylon  
  25  3:49  Pylon  
  25  4:01  Adept x2  
  29  4:03  Adept  
  29  4:05  Probe (Chrono Boost)  
  32  4:15  Probe (Chrono Boost)  
  33  4:22  Probe  
  34  4:33  Stargate  
  34  4:37  Assimilator  
  34  4:43  Assimilator  
  34  4:44  Probe  
  34  4:48  Warp Gate  
  34  4:57  Probe  
  36  5:07  Probe (Chrono Boost)  
  36  5:12  Probe (Chrono Boost)  
  37  5:20  Void Ray  
  43  5:22  Probe x2 (Chrono Boost)  
  43  5:30  Mothership Core (Chrono Boost)  
  45  5:45  Probe (Chrono Boost)  
  46  5:56  Twilight Council, Probe  
  47  6:01  Fleet Beacon  
  47  6:08  Probe  
  47  6:09  Photon Cannon  
  48  6:12  Photon Cannon  
  48  6:14  Photon Cannon x2  
  48  6:16  Pylon  
  48  6:22  Probe (Chrono Boost)  
  49  6:30  Photon Cannon  
  49  6:35  Dark Shrine  
  49  6:45  Stargate  
  49  6:49  Carrier  
  49  6:56  Probe  
  50  7:06  Probe  
  51  7:08  Probe  
  58  7:18  Probe  
  58  7:19  Pylon  
  58  7:20  Probe  
  60  7:23  Gateway  
  60  7:24  Gateway  
  60  7:26  Gateway  
  60  7:30  Protoss Shields Level 1  
  60  7:33  Probe x2 (Chrono Boost)  
  62  7:44  Probe (Chrono Boost)  
  63  7:50  Probe (Chrono Boost)  
  64  7:55  Nexus  
  63  8:06  Dark Templar, Carrier (Chrono Boost)  
  63  8:07  Dark Templar x2  
  69  8:23  Photon Cannon  
  69  8:25  Pylon  
  75  8:36  Probe  
  75  8:40  Pylon  
  76  8:42  Pylon  
  76  8:48  Archon  
  76  8:49  Dark Templar x2  
  80  8:56  Photon Cannon  
  80  9:10  Carrier (Chrono Boost)  
  80  9:13  Assimilator  
  80  9:17  Probe, Assimilator  
  80  9:20  Carrier (Chrono Boost)  
  81  9:29  Probe  
  88  9:42  Probe  
  95  9:47  Probe  
  96  9:54  Probe  
  96  9:59  Probe  
  98  10:06  Archon  
  98  10:09  Dark Templar  
  98  10:10  Adept x2  
  110  10:37  Photon Cannon  
  110  10:39  Nexus  
  110  10:49  Robotics Facility  
  110  10:50  Graviton Catapult  
  110  10:59  Pylon  
  110  11:00  Probe (Chrono Boost)  
  110  11:01  Photon Cannon  
  111  11:10  Probe (Chrono Boost)  
  112  11:12  Dark Templar  
  112  11:13  Dark Templar  
  112  11:14  Dark Templar  
  112  11:17  Archon x2  
  119  11:20  Probe (Chrono Boost)  
  119  11:21  Probe (Chrono Boost)  
  119  11:24  Pylon  
  120  11:29  Pylon  
  120  11:32  Probe (Chrono Boost)  
  121  11:41  Carrier (Chrono Boost)  
  121  11:44  Dark Templar  
  121  11:45  Dark Templar x2, Carrier (Chrono Boost)  
  121  11:46  Dark Templar x2  
  131  11:50  Archon  
  131  11:51  Archon  
  131  11:53  Archon  
  143  12:17  Observer  
  143  12:21  Photon Cannon  
  144  12:36  Photon Cannon  
  144  12:40  Carrier  
  144  12:48  Observer  
  145  12:57  Tempest  
  149  13:03  Stargate  
  143  13:44  Dark Templar x2  
  143  13:45  Dark Templar x2  
  147  14:22  Protoss Air Weapons Level 1  
  147  14:23  Protoss Shields Level 2  
  147  14:25  Tempest  
  147  14:30  Probe  
  152  14:32  Assimilator  
  152  14:36  Probe  
  153  14:39  Assimilator  
  153  14:43  Probe  
  152  14:48  Probe  
  152  14:53  Pylon  
  152  14:55  Probe  
  153  15:00  Probe  
  154  15:07  Probe  
  106  16:01  Dark Templar x3  
  106  16:02  Dark Templar x3  
  112  16:06  Archon x2  
  112  16:07  Archon  
  110  17:07  Phoenix x2  
  113  17:15  Stalker x2  
  116  17:17  Stalker  
  114  18:38  Phoenix  
  116  18:45  Assimilator  
  116  18:52  Assimilator  
  116  18:57  Assimilator  
  108  19:55  Adept  
  108  19:56  Adept  
Show
View Real Time Build Order
Export as new Build Order

CaptRaynor Zerg 

Build Orders: Hatch First 

Get SALT Encoding   

  12  0:02  Drone  
  13  0:10  Drone  
  14  0:18  Overlord  
  14  0:46  Hatchery  
  13  0:53  Drone x2  
  13  0:54  Drone  
  16  1:06  Extractor  
  15  1:17  Drone x2  
  17  1:25  Spawning Pool  
  16  1:40  Drone x2  
  18  1:51  Drone  
  19  2:00  Overlord  
  19  2:01  Overlord  
  19  2:15  Queen  
  19  2:16  Queen  
  19  2:21  Drone x3  
  26  2:26  Drone  
  27  2:46  Drone x4  
  31  2:52  Extractor  
  30  3:14  Queen  
  34  3:25  Lair  
  32  3:34  Evolution Chamber  
  32  3:37  Evolution Chamber, Drone x3  
  32  3:38  Drone x3  
  36  3:51  Overlord x5  
  36  3:52  Overlord x2  
  36  4:19  Zerg Ground Armor Level 1  
  36  4:20  Zerg Missile Weapons Level 1, Hatchery  
  36  4:22  Zergling x2  
  36  4:23  Zergling x8  
  40  4:31  Queen  
  42  5:03  Extractor  
  41  5:08  Metabolic Boost  
  41  5:26  Hydralisk Den  
  40  5:33  Drone x3  
  43  5:36  Extractor  
  43  5:40  Drone x3  
  43  5:41  Drone x8  
  53  5:48  Lurker Den  
  53  5:56  Zergling x12  
  59  6:10  Queen  
  61  6:12  Drone  
  61  6:18  Zerg Melee Weapons Level 1  
  62  6:36  Zerg Ground Armor Level 2  
  62  6:44  Zergling x2  
  62  6:45  Zergling x26  
  62  6:46  Zergling x2  
  71  7:18  Hydralisk x2  
  71  7:19  Hydralisk x5  
  71  7:21  Zergling x8  
  71  7:22  Zergling x4  
  91  7:58  Hatchery  
  90  8:08  Drone x7  
  90  8:12  Extractor  
  96  8:14  Zerg Missile Weapons Level 2  
  96  8:47  Drone x5, Extractor  
  96  8:48  Drone x2  
  102  8:55  Zerg Melee Weapons Level 2  
  102  9:03  Infestation Pit  
  101  9:21  Spire  
  100  9:33  Overlord x8  
  100  9:34  Overlord  
  100  10:19  Burrow  
  100  10:28  Hive  
  100  10:40  Hydralisk  
  100  10:41  Hydralisk x13  
  128  11:14  Zerg Flyer Weapons Level 1  
  128  11:54  Mutalisk  
  128  11:55  Mutalisk x11  
  152  12:34  Overseer  
  152  12:35  Overseer x5  
  152  12:44  Overlord x2  
  152  12:45  Overlord x9  
  152  12:46  Overlord  
  152  12:54  Zerg Missile Weapons Level 3  
  152  13:00  Corruptor x3  
  158  13:24  Zergling x2  
  158  13:25  Zergling x26  
  172  13:51  Zerg Ground Armor Level 3  
  172  13:54  Zerg Flyer Weapons Level 2  
  146  14:26  Corruptor x2  
  146  14:27  Corruptor x5  
  146  14:28  Extractor  
  146  14:30  Extractor  
  102  15:46  Zergling x2  
  102  15:47  Zergling x22  
  102  15:48  Zergling x4  
  61  16:24  Overseer x2  
  61  16:25  Overseer x8  
  47  16:26  Overseer  
  33  16:40  Mutalisk  
  33  16:41  Mutalisk x7  
  29  18:42  Spawning Pool  
  24  19:26  Drone x7  
Tags
 
Add a new tag
Caveats
  • Supply blocks, unpowered buildings, or Contaminate may cause inaccurate times.
  • Supply counts are checked every 10 seconds.